 Dungeon Crawl Stone Soup version 0.26-a0-540-g8a0c9464d7 (webtiles) character file.

Game seed: 11809285856842999645

1405 kobby the Cutter (level 9, 0/102 HPs)
             Began as a Human Monk on Aug 22, 2020.
             Was a Priest of Okawaru.
             Slain by an iguana (4 damage)
             ... on level 6 of the Dungeon.
             The game lasted 00:18:57 (5222 turns).

kobby the Cutter (Human Monk)                       Turns: 5222, Time: 00:18:58

Health: 0/102      AC:  5    Str: 11    XL:     9   Next: 1%
Magic:  9/9        EV: 15    Int: 10    God:    Okawaru [***...]
Gold:   357        SH:  0    Dex: 20    Spells: 8/8 levels left

rFire    + . .     SeeInvis .   l - +0 short sword (drain)
rCold    . . .     Faith    .   (no shield)
rNeg     . . .     Spirit   .   i - +1 troll leather armour
rPois    .         Reflect  .   (no helmet)
rElec    .         Harm     .   (no cloak)
rCorr    .         Clarity  +   (no gloves)
MR       .....                  (no boots)
Stlth    ..........             p - amulet of regeneration
HPRegen  1.07/turn              d - ring of flight
MPRegen  0.11/turn              g - ring of stealth

@: berserking, very quick
A: blink, clarity, fire resistance 1, no potion heal 1
a: Blink, Heroism, Renounce Religion, Evoke Flight


You were on level 6 of the Dungeon.
You worshipped Okawaru.
Okawaru was most pleased with you.
You visited 1 branch of the dungeon, and saw 7 of its levels.

You collected 357 gold pieces.

Inventory:

Hand Weapons
 a - a +1 short sword
 l - a +0 short sword of draining (weapon)
Armour
 b - a +0 robe
 i - a +1 troll leather armour (worn)
Jewellery
 d - a ring of flight (left hand)
 g - a ring of stealth (right hand)
 k - an uncursed ring of flight
 n - an uncursed ring of teleportation
 p - an amulet of regeneration (around neck)
Wands
 r - a wand of paralysis (7)
 t - a wand of polymorph (6)
Scrolls
 c - 4 scrolls of enchant weapon
 e - 5 scrolls of identify
 f - 6 scrolls of teleportation
 m - a scroll of remove curse
 o - 2 scrolls of enchant armour
 s - a scroll of blinking
Potions
 h - 2 potions of mutation


   Skills:
 + Level 5.4 Fighting
 + Level 7.1 Short Blades
 + Level 3.8 Armour
 + Level 4.9 Dodging
 + Level 4.3 Stealth
 + Level 0.3 Evocations


You had 8 spell levels left.
You didn't know any spells.
Your spell library was empty.

Dungeon Overview and Level Annotations

Branches:
Dungeon (7/15)             Temple (0/1) D:6

Altars:
Ashenzari
Cheibriados
Elyvilon
Okawaru
Sif Muna
Vehumet
Yredelemnul
The Shining One


Innate Abilities, Weirdness & Mutations

You can translocate small distances at will.
You possess an exceptional clarity of mind.
Your flesh is heat resistant. (rF+)
Potions are less effective at restoring your health.


Message History

Okay, then.
As you read the scroll labeled TYTWONA NARO, it crumbles to dust.
You hear a loud clanging noise!
It was a scroll of noise.
The hornet zombie barely misses you. The iguana barely misses you.
You hit the centaur.
You kill the centaur!
Okawaru accepts your kill.
You have reached level 9!
Your experience leads to an increase in your attributes!
Increase (S)trength, (I)ntelligence, or (D)exterity?
Uppercase letters only, please.
You feel agile. The hornet zombie misses you. The iguana completely misses you.
It was a potion of berserk rage.
A red film seems to cover your vision as you go berserk!
You feel yourself moving faster!
You feel mighty! The hornet zombie hits you.
* * * LOW HITPOINT WARNING * * *
The iguana bites you.
You die...

....##[..#....
.....................##.##
?[...........##...)...#....
...........#####.###........
............#.... ##.......#
...............#...........#
.............# #..........#
.........l## #...........#
#........Z@# ##...........
####....)#####............
##..............######..
#.........#......####...
##.........#.......#.#...
#........###.............
##.<......#.....#..##....
#....#.<......##...##...
####.#.......#...#.....<


You could see an iguana (drained) and a hornet zombie.

Vanquished Creatures
  A wyvern (D:6)
  Duvessa (D:6)
  2 sky beasts (D:6)
  A phantom (D:4)
  An ice beast (D:5)
  2 centaurs (D:6)
  Blork the orc (D:5)
  2 scorpions
  Dowan (D:6)
  A bullfrog skeleton (D:5)
  An orc priest (D:4)
  2 iguanas (D:6)
  3 worker ants
  An orc wizard (D:5)
  2 hound skeletons
  A mummy (D:4)
  10 adders
  A shadow imp (D:5)
  A white imp (D:5)
  An ufetubus (D:5)
  An ooze (D:3)
  2 worms (D:3)
  2 dart slugs
  A leopard gecko (D:5)
  9 orcs
  6 giant cockroaches
  7 goblins
  5 hobgoblins
  3 kobolds
  2 quokkas
  A ball python (D:1)
  6 bats
  A frilled lizard (D:5)
  A hobgoblin zombie (D:4)
  A kobold zombie (D:4)
  A leopard gecko skeleton (D:5)
  A quokka skeleton (D:4)
  A quokka zombie (D:6)
  5 rats
92 creatures vanquished.

Vanquished Creatures (others)
  A quokka (D:5)
1 creature vanquished.

Grand Total: 93 creatures vanquished

Notes
Turn   | Place    | Note
-------+----------+-------------------------------------------
     0 | D:1      | kobby the Human Monk began the quest for the Orb.
     0 | D:1      | Reached XP level 1. HP: 18/18 MP: 1/1
   424 | D:1      | Reached XP level 2. HP: 12/24 MP: 2/2
  1128 | D:1      | Reached XP level 3. HP: 27/29 MP: 3/3
  1632 | D:2      | Found a shimmering blue altar of Sif Muna.
  1925 | D:3      | Reached XP level 4. HP: 11/35 MP: 4/4
  2114 | D:3      | Reached skill level 4 in Short Blades
  2193 | D:4      | Reached XP level 5. HP: 37/41 MP: 5/5
  2244 | D:4      | Noticed an ogre
  2471 | D:3      | Reached skill level 1 in Armour
  3054 | D:4      | Noticed a phantom
  3121 | D:4      | Killed a phantom
  3121 | D:4      | Reached skill level 5 in Short Blades
  3121 | D:4      | Reached XP level 6. HP: 44/48 MP: 6/6
  3288 | D:4      | Found a glowing golden altar of the Shining One.
  3402 | D:5      | Entered Level 5 of the Dungeon
  3593 | D:5      | Found a basalt altar of Yredelemnul.
  3602 | D:5      | Found an iron altar of Okawaru.
  3636 | D:5      | Reached XP level 7. HP: 21/54 MP: 7/7
  3642 | D:5      | Became a worshipper of Warmaster Okawaru
  3642 | D:5      | Reached * piety under Okawaru
  3642 | D:5      | Reached ** piety under Okawaru
  4001 | D:5      | Noticed Blork the orc
  4130 | D:5      | Found a white marble altar of Elyvilon.
  4199 | D:5      | Gained mutation: You can translocate small distances at
                  | will. [potion of mutation]
  4199 | D:5      | Gained mutation: You possess an exceptional clarity of
                  | mind. [potion of mutation]
  4199 | D:5      | Gained mutation: Potions are less effective at restoring
                  | your health. [potion of mutation]
  4199 | D:5      | Gained mutation: Your flesh is heat resistant. (rF+)
                  | [potion of mutation]
  4213 | D:5      | Killed Blork the orc
  4375 | D:6      | Found a snail-covered altar of Cheibriados.
  4388 | D:6      | HP: 1/55 [centaur/arrow (11)]
  4502 | D:6      | Noticed a wyvern
  4520 | D:6      | Reached skill level 6 in Short Blades
  4533 | D:6      | Killed a wyvern
  4533 | D:6      | Reached XP level 8. HP: 24/61 MP: 8/8
  4625 | D:6      | Noticed Duvessa
  4670 | D:7      | Found a radiant altar of Vehumet.
  4771 | D:6      | Found a staircase to the Ecumenical Temple.
  4784 | D:6      | Noticed Dowan
  4833 | D:6      | Killed Dowan
  4833 | D:6      | Reached skill level 5 in Fighting
  4887 | D:6      | Killed Duvessa
  4887 | D:6      | Reached *** piety under Okawaru
  4956 | D:6      | Found a shattered altar of Ashenzari.
  5206 | D:6      | Reached skill level 7 in Short Blades
  5219 | D:6      | HP: 2/63 [centaur/arrow (4)]
  5221 | D:6      | Reached XP level 9. HP: 4/68 MP: 9/9
  5222 | D:6      | Slain by an iguana

Illustrated notes

Levels and vault maps discovered:
D:1:      matt_arrival_refuge, layout_basic
D:2:      layout_rooms, lemuel_blue_sif_altar
D:3:      layout_basic
D:4:      layout_rooms, kennysheep_mini, nicolae_ossuary_entry_giza,
          minivault_24
D:5:      layout_loops_cross, okawaru_gym_becter, kennysheep_little_box,
          corexii_corridor_pit, elyvilon_altar_4, uniq_blork_the_orc
D:6:      layout_cave_pools, nicolae_ashenzari_panopticon,
          minmay_temple_entry_statues_pillars, basic_altar, uniq_duvessa
D:7:      layout_loops_ring, grunt_dithmenos_smoke_and_mirrors,
          nicolae_ru_path_of_blood, serial_shops, kennysheep_mini_moat,
          basic_altar, uniq_maggie, uniq_crazy_yiuf_cottage, uniq_joseph

Skill      XL: |  1  2  3  4  5  6  7  8 |
---------------+-------------------------+-----
Short Blades   | 4 5 6 7 |  7.1
Armour         | 1 3 |  3.8
Dodging        | 4 |  4.9
Fighting       | 4 5 |  5.4
Stealth        | 3 4 |  4.3
Evocations     | |  0.3

Action                   |  1- 3 |  4- 6 |  7- 9 || total
-------------------------+-------+-------+-------++-------
Melee: Short sword       |   115 |   225 |   178 ||   518
Evoke: Wand              |       |       |     3 ||     3
  Use: Potion            |       |     2 |     7 ||     9
       Scroll            |       |     7 |     4 ||    11
 Stab: Sleeping          |     3 |     3 |     6 ||    12
       Paralysed         |       |       |     1 ||     1
Armor: Robe              |    13 |       |       ||    13
       Troll leather arm |     5 |    41 |    23 ||    69
Dodge: Dodged            |    79 |   134 |   103 ||   316

Table legend: (Time is in decaauts)
 A = Elapsed time spent in this place.
 B = Non-inter-level travel time spent in this place.
 C = Inter-level travel time spent in this place.
 D = Time resting spent in this place.
 E = Time spent auto-exploring this place.
 F = Levels seen in this place.
 G = Mean time per level.
                   A        B        C        D        E       F      G
               +--------+--------+--------+--------+--------+-----+--------+
         Total |   5111 |   5111 |      0 |    582 |   3014 |   7 |  730.1 |
       Dungeon |   5111 |   5111 |      0 |    582 |   3014 |   7 |  730.1 |
               +--------+--------+--------+--------+--------+-----+--------+

Top non-repeatable levels by time:
     D:1: 1312 daAuts
     D:5: 903 daAuts
     D:4: 772 daAuts
     D:3: 750 daAuts
     D:6: 702 daAuts
     D:2: 554 daAuts
     D:7: 115 daAuts
